 Dungeon Crawl Stone Soup version 0.23.2-40-g277498a001 (webtiles) character file.

Game seed: 17743408798147606606

95 Martska the Chiller (level 4, -10/33 HPs)
             Began as a Merfolk Ice Elementalist on Sept 30, 2019.
             Mangled by a gnoll
             ... wielding a +0 flail
              (14 damage)
             ... on level 2 of the Dungeon.
             The game lasted 00:13:29 (3425 turns).

Martska the Chiller (Merfolk Ice Elementalist)      Turns: 3425, Time: 00:13:30

Health: -10/33     AC:  7    Str:  8    XL:     4   Next: 66%
Magic:  4/7        EV: 14    Int: 14    God:
Gold:   108        SH:  0    Dex: 15    Spells: 1/7 levels left

rFire    . . .     SeeInvis .   h - +0 spear
rCold    . . .     Gourm    .   (no shield)
rNeg     . . .     Faith    .   a - +0 robe
rPois    .         Spirit   .   (no helmet)
rElec    .         Reflect  .   (no cloak)
rCorr    .         Harm     .   (no gloves)
MR       .....                  (no boots)
Stlth    ++........             (no amulet)
HPRegen  0.11/turn              (no ring)
MPRegen  0.10/turn              (no ring)

@: icy armour
A: change form in water, swift swim, stealthy swim
a: no special abilities


You were on level 2 of the Dungeon.
You were not hungry.

You visited 1 branch of the dungeon, and saw 3 of its levels.

You collected 108 gold pieces.

Inventory:

Hand Weapons
 b - a +0 club
 h - a +0 spear (weapon)
Armour
 a - a +0 robe (worn)
 f - a +0 large shield
Scrolls
 c - 2 scrolls of identify {unknown}
 d - 2 scrolls of random uselessness {unknown}
 e - a scroll of remove curse {unknown}
 g - a scroll of amnesia {unknown}
 i - a scroll of teleportation {unknown}
Potions
 j - a potion of heal wounds {unknown}
Comestibles
 k - a ration


   Skills:
 * Level 1.8 Fighting
 * Level 0.5 Polearms
 * Level 3.8 Dodging
 + Level 2.7 Stealth
 - Level 2.3 Spellcasting
 + Level 1.1 Conjurations
 - Level 4.0 Ice Magic


You had one spell level left.
You knew the following spells:

 Your Spells              Type           Power        Failure   Level  Hunger
a - Freeze                Ice            ##..         4%          1    #......
b - Throw Frost           Conj/Ice       #.....       12%         2    ###....
c - Ozocubu's Armour      Chrm/Ice       #.......     30%         3    ###....

Your spell library contained the following spells:

 Spells                   Type           Power        Failure   Level  Hunger
 Throw Icicle             Conj/Ice       #.......     61%         4    #####..
 Summon Ice Beast         Ice/Summ       #.......     69%         4    #####..


Dungeon Overview and Level Annotations

Branches:
Dungeon (3/15)

Altars:


Message History

The bat is moderately wounded.
The bat barely misses you. The gnoll barely misses you.
You hit the bat.
You kill the bat!
A gnoll comes into view. It is wielding a +0 flail.
The gnoll hits you from afar with a +0 halberd!
You hit the gnoll but do no damage. The gnoll completely misses you.
The gnoll hits you from afar with a +0 halberd!
You barely miss the gnoll. The gnoll barely misses you.
The gnoll closely misses you.
A goblin comes into view. It is wielding a +0 club.
There is a stone staircase leading up here.
The gnoll hits you with a +0 flail!
* * * LOW HITPOINT WARNING * * *
You climb upwards.
There is a stone staircase leading down here.
Casting: Freeze (safe; 4% risk of failure)
Confirm with . or Enter, or press ? or * to list all spells.
A film of ice covers your body! The gnoll hits you with a +0 flail!
You die...

.....###.#..###...........###....
....).......#..)..........###.###
####.#......................#.# #
#.#.#..........#...........# #
#.#.#....#.##...>....##.##.###
#...............#.#####.#....#
######.#.#..#.##.................
..............##g.##.#####.####.#
##.###.#.#..#.##@.#.............#
#.# #.#.#..#.###.##..####.######
#.# #<#.#..#.#...#..............
#.# #.#.#..#.#.###...####.......
#.# #............#...# #######.
#.# ###.#..#.#.#.#...# #.
#.#####.#..#.#.#.#...# #.
#....................# #.
######...............###########.


You could see a gnoll.

Vanquished Creatures
  2 adders (D:2)
  An ooze (D:2)
  A worm (D:2)
  3 dart slugs
  2 giant cockroaches
  8 hobgoblins
  10 jackals (D:2)
  2 quokkas (D:2)
  4 bats
  5 frilled lizards
  7 goblins
  7 kobolds
  11 rats
63 creatures vanquished.

Notes
Turn   | Place    | Note
-------+----------+-------------------------------------------
     0 | D:1      | Martska the Merfolk Ice Elementalist began the quest for
                  | the Orb.
     0 | D:1      | Reached XP level 1. HP: 13/13 MP: 3/3
   233 | D:1      | Reached XP level 2. HP: 19/19 MP: 1/5
   247 | D:1      | Learned a level 2 spell: Throw Frost
  1185 | D:1      | Reached XP level 3. HP: 24/25 MP: 4/6
  1372 | D:1      | Learned a level 3 spell: Ozocubu's Armour
  1662 | D:2      | Reached skill level 1 in Fighting
  1968 | D:2      | Reached skill level 1 in Conjurations
  1968 | D:2      | Reached skill level 4 in Ice Magic
  2110 | D:2      | Reached XP level 4. HP: 32/32 MP: 5/7
  3425 | D:2      | Mangled by a gnoll

Skill      XL: |  1  2  3 |
---------------+----------+-----
Dodging        | 3 |  3.8
Fighting       | 1 |  1.8
Conjurations   | 1 |  1.1
Ice Magic      | 4 |  4.0
Polearms       | |  0.5
Stealth        | |  2.7
Spellcasting   | |  2.3

Action                   |  1- 3 |  4- 6 || total
-------------------------+-------+-------++-------
Melee: Unarmed           |    21 |       ||    21
       Club              |    57 |     5 ||    62
       Spear             |       |    42 ||    42
 Cast: Freeze            |    32 |    20 ||    52
       Throw Frost       |     6 |    12 ||    18
       Ozocubu's Armour  |       |     1 ||     1
 Stab: Sleeping          |     4 |     2 ||     6
  Eat: Ration            |     1 |     1 ||     2
       Chunk             |       |     3 ||     3
Armor: Robe              |    18 |    10 ||    28
Dodge: Dodged            |    86 |    52 ||   138
